 Dungeon Crawl Stone Soup version 0.30-a0-465-g8901f6c8b5 (webtiles) character file.

Game seed: 10106571770089886508

2 HoaS the Shooter (level 1, 0/12 HPs)
             Began as a Tengu Hunter on Dec 17, 2022.
             Slain by a jackal (1 damage)
             ... on level 1 of the Dungeon.
             The game lasted 00:00:16 (21 turns).

HoaS the Shooter (Tengu Hunter)                       Turns: 21, Time: 00:00:17

Health: 0/12       AC:  3    Str: 11    XL:     1   Next: 40%
Magic:  2/2        EV: 12    Int:  9    God:
Gold:   0          SH:  0    Dex: 17    Spells: 0/0 levels left

rFire   . . .      SeeInvis .    a - +0 shortbow
rCold   . . .      Faith    .    (shield currently unavailable)
rNeg    . . .      Spirit   .    c - +0 leather armour
rPois   .          Reflect  .    (helmet restricted)
rElec   .          Harm     .    (no cloak)
rCorr   .          Rampage  .    (no gloves)
Will    .....                    (boots unavailable)
Stlth   ++........               (no amulet)
HPRegen 0.22/turn                (no ring)
MPRegen 0.08/turn                (no ring)

@: no status effects
A: beak, talons 3
a: no special abilities


You were on level 1 of the Dungeon.
You visited 1 branch of the dungeon, and saw 1 of its levels.

Inventory:

Hand Weapons
 a - a +0 shortbow (weapon)
Armour
 c - a +0 leather armour (worn)
Scrolls
 b - a scroll of immolation


   Skills:
 - Level 2.0 Fighting
 + Level 4.5 Ranged Weapons
 - Level 2.1 Dodging
 - Level 1.0 Stealth


You couldn't memorise any spells.
You didn't know any spells.
Your spell library was empty.

Dungeon Overview and Level Annotations

Branches:
Dungeon (1/15)

Altars:


Innate Abilities, Weirdness & Mutations

You have a beak for a mouth.
You have claws for feet.


Message History

The jackal is moderately wounded.
The jackal barely misses you. The jackal closely misses you.
You shoot an arrow. The arrow hits the jackal.
The jackal is severely wounded.
The jackal barely misses you. The jackal closely misses you.
A quokka comes into view.
You shoot an arrow. The arrow hits the jackal!
You kill the jackal!
The jackal bites you.
The jackal bites you but does no damage.
The jackal bites you. The jackal attacks as you move away!
The jackal bites you but does no damage.
The jackal bites you. x2
You open the door. The jackal closely misses you.
The jackal bites you but does no damage.
You are too injured to fight recklessly!
There is an open door here.
You shoot an arrow. The arrow misses the jackal.
The arrow hits the jackal but does no damage.
The jackal closely misses you.
The jackal bites you but does no damage.
You shoot an arrow. The arrow hits the jackal.
You kill the jackal!
The quokka bites you but does no damage.
The jackal bites you.
You are too injured to fight recklessly!
You are too injured to fight recklessly!
You are too injured to fight recklessly!
You shoot an arrow. The arrow misses the jackal.
The jackal barely misses you.
The quokka bites you but does no damage.
You shoot an arrow. The arrow closely misses the jackal.
The jackal bites you. The quokka closely misses you.
The jackal closely misses you. The quokka barely misses you.
You shoot an arrow. The arrow barely misses the jackal.
The jackal bites you but does no damage.
The quokka bites you.
* * * LOW HITPOINT WARNING * * *
The jackal bites you.
You die...

########
#####......## #
#...... .... .#
#...... .... ..#
....... ..##..
#......# #...
##......###.######.#
.........@rh.........
.##....h##...†[..##
...................
#.....##...........
#8###8##..#........
#.........#.......#
#.....#...####....#
#..<..#..## ....#
#.....#..# ....#


You could see a quokka and 2 jackals.

Vanquished Creatures
  2 jackals (D:1)
2 creatures vanquished.

Notes
Turn   | Place    | Note
-------+----------+-------------------------------------------
     0 | D:1      | HoaS the Tengu Hunter began the quest for the Orb.
     0 | D:1      | Reached XP level 1. HP: 12/12 MP: 2/2
    21 | D:1      | Slain by a jackal

Illustrated notes

Levels and vault maps discovered:
D:1:      scummos_arrival_simple_crosswalls, layout_basic

Action                   || total
-------------------------++-------
 Fire: Shortbow          ||     9
Armor: Leather armour    ||     7
Dodge: Dodged            ||    10

Table legend: (Time is in decaauts)
 A = Elapsed time spent in this place.
 B = Non-inter-level travel time spent in this place.
 C = Inter-level travel time spent in this place.
 D = Time resting spent in this place.
 E = Time spent auto-exploring this place.
 F = Levels seen in this place.
 G = Mean time per level.
                   A        B        C        D        E       F      G
               +--------+--------+--------+--------+--------+-----+--------+
         Total |     23 |     23 |      0 |      0 |      2 |   1 |   23.0 |
       Dungeon |     23 |     23 |      0 |      0 |      2 |   1 |   23.0 |
               +--------+--------+--------+--------+--------+-----+--------+

Top non-repeatable levels by time:
     D:1: 23 daAuts
